 Dungeon Crawl Stone Soup version 0.23.2-1-ga50397a (webtiles) character file.

Game seed: 5405755708255658467

665 Kairos the Ruffian (level 7, -3/59 HPs)
             Began as a Ghoul Monk on Apr 24, 2019.
             Slain by an orc
             ... wielding a +0 flail
              (6 damage)
             ... on level 4 of the Dungeon.
             The game lasted 00:09:21 (2882 turns).

Kairos the Ruffian (Ghoul Monk)                     Turns: 2882, Time: 00:09:21

Health: -3/59      AC:  5    Str: 17    XL:     7   Next: 57%
Magic:  6/6        EV: 12    Int:  5    God:
Gold:   224        SH:  0    Dex: 11    Spells: 6/6 levels left

rFire    . . .     SeeInvis .     - Unarmed
rCold    + . .     Gourm    .   (no shield)
rNeg     + + +     Faith    +   m - +0 ring mail
rPois    ∞         Spirit   .   (no helmet)
rElec    .         Reflect  .   (no cloak)
rCorr    .         Harm     .   (no gloves)
MR       .....                  (no boots)
Stlth    ++........             o - amulet of faith
HPRegen  0.00/turn              g - +2 ring of slaying
MPRegen  0.10/turn              (no ring)

@: rotting
A: rotting body, claws 1, carnivore, cold resistance 1, negative energy
resistance 3, inhibited regeneration, torment resistance, unbreathing
a: no special abilities


You were on level 4 of the Dungeon.
You were not hungry.

You visited 1 branch of the dungeon, and saw 4 of its levels.

You collected 224 gold pieces.

Inventory:

Hand Weapons
 d - a +0 dagger of draining
 e - a +0 flail
 t - a +0 short sword of venom
 v - a +1 spear of freezing
Missiles
 n - 4 tomahawks (quivered)
 w - a throwing net
Armour
 a - a +0 robe
 m - a +0 ring mail (worn)
Jewellery
 g - a +2 ring of slaying (left claw)
 o - an amulet of faith (around neck)
Scrolls
 f - 3 scrolls of remove curse
 h - 2 scrolls of teleportation
 j - a scroll of enchant weapon {unknown}
 q - a scroll of amnesia {unknown}
 u - 2 scrolls of identify
 x - a scroll of fear {unknown}
 y - a scroll of immolation {unknown}
 z - a scroll of fog {unknown}
Potions
 c - a potion of might
 i - a potion of resistance {unknown}
 k - a potion of haste {unknown}
 p - a potion of mutation {unknown}
 r - 2 potions of curing
 s - a potion of lignification {unknown}
Comestibles
 b - 8 rations
 l - a chunk of flesh


   Skills:
 + Level 4.0 Fighting
 + Level 0.1 Throwing
 + Level 3.0 Armour
 + Level 3.8 Dodging
 + Level 3.4 Stealth
 + Level 7.0 Unarmed Combat


You had 6 spell levels left.
You didn't know any spells.
Your spell library contained the following spells:

 Spells                   Type           Power        Failure   Level  Hunger
 Summon Small Mammal      Summ           #...         67%         1    ##.....
 Call Imp                 Summ           #.......     82%         2    ###....
 Call Canine Familiar     Summ           #.......     96%         3    ####...
 Summon Guardian Golem    Hex/Summ       #.......     96%         3    ####...
 Summon Ice Beast         Ice/Summ       #.......     100%        4    #####..
 Summon Lightning Spire   Summ/Air       #.......     100%        4    #####..


Dungeon Overview and Level Annotations

Branches:
Dungeon (4/15)
 Temple: D:4-7

Altars:
Elyvilon
Yredelemnul

Annotations:
D:4 Ijyb


Innate Abilities, Weirdness & Mutations

Your body is rotting away.
You thrive on raw meat.
You are immune to poison.
You have sharp fingernails.
You are carnivorous and can eat meat at any time.
Your flesh is cold resistant. (rC+)
You are immune to negative energy. (rN+++)
You do not regenerate when monsters are visible.
You are immune to unholy pain and torment.
You can survive without breathing.


Message History

You kill the orc!
You scratch the orc.
The orc is moderately wounded.
The orc misses you.
You barely miss the orc.
The orc is moderately wounded.
You barely miss the orc. You claw the orc.
You kill the orc!
Eat one of 2 chunks of flesh? (ye/n/q)
You eat one of the 2 chunks of flesh.
This raw flesh tastes great!
The orc warrior hits you with a +0 battleaxe!
You closely miss the orc warrior.
You scratch the orc warrior but do no damage.
The orc warrior hits you with a +0 battleaxe!
You see here a jackal skeleton.
There is a stone staircase leading up here.
The orc warrior hits you with a +0 battleaxe!!
* * * LOW HITPOINT WARNING * * *
The orc hits you with a +0 flail.
You die...

........#####.#
........#.....#
..........#####
.........## .........#
........##
........##############
........#.....##.....##
................@o....##
..............)..o.Z...#
.....##........÷.......#
##.....................#
.....÷.................#
.......................#
#.#..##<..............(#
..#.(###..............##
#.....###.....##.....##


You could see an orc warrior, an orc and a leopard gecko skeleton.

Vanquished Creatures
  Grinder (D:4)
  A scorpion (D:4)
  A jelly (D:3)
  An orc wizard (D:3)
  Natasha (D:3)
  An iguana (D:4)
  Terence (D:2)
  A worker ant (D:3)
  A hound skeleton (D:4)
  5 gnolls (D:3)
  5 adders
  An ooze (D:1)
  4 worms
  5 dart slugs
  3 leopard geckos
  14 orcs
  7 bats
  8 giant cockroaches
  4 goblins
  6 hobgoblins
  16 jackals
  4 frilled lizards
  8 kobolds
  5 rats
104 creatures vanquished.

Notes
Turn   | Place    | Note
-------+----------+-------------------------------------------
     0 | D:1      | Kairos the Ghoul Monk began the quest for the Orb.
     0 | D:1      | Reached XP level 1. HP: 19/19 MP: 0/0
    87 | D:1      | Reached XP level 2. HP: 16/26 MP: 1/1
   340 | D:1      | Reached XP level 3. HP: 21/31 MP: 2/2
   491 | D:1      | Reached skill level 4 in Unarmed Combat
   955 | D:2      | Noticed Terence
  1016 | D:2      | Killed Terence
  1016 | D:2      | Reached XP level 4. HP: 9/39 MP: 3/3
  1336 | D:2      | Found a white marble altar of Elyvilon.
  1710 | D:2      | Reached XP level 5. HP: 46/46 MP: 4/4
  1854 | D:3      | Reached skill level 5 in Unarmed Combat
  1962 | D:3      | Reached skill level 1 in Armour
  2194 | D:3      | Reached XP level 6. HP: 51/52 MP: 5/5
  2198 | D:3      | Noticed Natasha
  2225 | D:3      | Killed Natasha
  2353 | D:3      | Found a basalt altar of Yredelemnul.
  2687 | D:4      | Reached skill level 6 in Unarmed Combat
  2779 | D:4      | Noticed Ijyb
  2797 | D:4      | Noticed Grinder
  2801 | D:4      | Paralysed by Grinder for 2 turns
  2810 | D:4      | Killed Grinder
  2810 | D:4      | Reached XP level 7. HP: 54/59 MP: 6/6
  2848 | D:4      | Reached skill level 7 in Unarmed Combat
  2882 | D:4      | Slain by an orc

Skill      XL: |  1  2  3  4  5  6  7 |
---------------+----------------------+-----
Dodging        | 3 |  3.8
Unarmed Combat | 4 5 6 7 |  7.0
Stealth        | 3 |  3.4
Armour         | 1 2 3 |  3.0
Fighting       | 4 |  4.0
Throwing       | |  0.1

Action                   |  1- 3 |  4- 6 |  7- 9 || total
-------------------------+-------+-------+-------++-------
Melee: Unarmed           |    67 |   205 |    13 ||   285
       Punch             |     1 |     1 |     2 ||     4
Throw: Tomahawk          |       |     1 |       ||     1
  Use: Scroll            |     3 |     2 |       ||     5
 Stab: Sleeping          |     2 |     1 |       ||     3
       Distracted        |       |     1 |       ||     1
  Eat: Chunk             |     4 |    26 |     1 ||    31
Armor: Robe              |    11 |     2 |       ||    13
       Ring mail         |       |    48 |     1 ||    49
Dodge: Dodged            |    43 |    96 |     4 ||   143
